AoeStats
← 白鹿城拉车车

Arena

504515495Analyzed
4v4 RM · 26d ago on Sep 5, 2026· 83m 0s· 8 players
Game mode
Random Map
Map size
Large (8 player)
Population
200
Speed
Normal
Resources
Standard
Victory
Conquest
Starting age
Dark Age
Ending age
Imperial Age
RankedLock teamsTeams togetherTeam positionsShared explorationLock speedFull tech treeHidden civsTurbo modeCheats
Victory
Defeat
🇦🇷 Tatars · Argentina
1440
+16
🇨🇳 Saracens · China
1381
+18
🇨🇳 Bulgarians · China
1381
+18
🇨🇳 Goths · China
1372
+18
🇭🇰 Celts · Hong Kong SAR China
1578
-24
🇭🇰 Dravidians · Hong Kong SAR China
1449
-18
1373
-15
🇭🇰 Bohemians · Hong Kong SAR China
1307
-13
NephiChan2025
10:55 Feudal Age
14:32 Castle Age
12:50 Double-Bit Axe
13:15 Horse Collar
15:27 Bow Saw
16:28 Fervor
24:08 Wheelbarrow
27:18 Imperial Age
24:46 Loom
25:29 Heavy Plow
26:42 Chemistry
26:22 Forging
26:32 Squires
26:46 Scale Mail Armor
26:17 Pikeman
27:46 Halberdier
29:45 Ballistics
29:58 Chain Mail Armor
31:22 Iron Casting
32:35 Two-Man Saw
33:38 Conscription
32:57 Houfnice
34:44 Blast Furnace
33:48 Fletching
35:33 Treadmill Crane
36:24 Plate Mail Armor
35:54 Padded Archer Armor
36:52 Masonry
37:54 Bodkin Arrow
38:14 Leather Archer Armor
41:45 Town Watch
43:35 Coinage
44:10 Murder Holes
48:21 Caravan
51:06 Fortified Wall
57:22 Hand Cart
71:24 Bracer
71:50 Elite Skirmisher
73:42 Town Patrol
75:17 Banking
电脑人-偷家鸡鸡短三寸-
9:59 Feudal Age
12:11 Double-Bit Axe
14:33 Castle Age
18:40 Fervor
21:42 Loom
22:52 Wheelbarrow
22:37 Horse Collar
23:20 Bow Saw
24:23 Scale Barding Armor
25:01 Hand Cart
24:42 Gold Mining
26:49 Gold Shaft Mining
26:16 Heavy Plow
29:50 Imperial Age
27:21 Town Watch
27:43 Padded Archer Armor
28:29 Ballistics
28:54 Grand Trunk Road
30:05 Leather Archer Armor
31:31 Chemistry
30:46 Shatagni
31:07 Conscription
33:08 Ring Archer Armor
35:12 Two-Man Saw
34:58 Siege Engineers
35:22 Husbandry
34:44 Light Cavalry
35:34 Bloodlines
37:01 Hussar
38:03 Chain Barding Armor
37:54 Forging
39:00 Town Patrol
40:08 Plate Barding Armor
40:11 Iron Casting
43:48 Blast Furnace
42:39 Fletching
44:45 Squires
46:43 Coinage
58:35 Heavy Camel Rider
60:39 Banking
60:10 Caravan
65:54 Elite Skirmisher
80:54 Thumb Ring
happy伯
10:49 Feudal Age
15:05 Castle Age
13:45 Double-Bit Axe
15:32 Loom
26:50 Horse Collar
29:07 Wheelbarrow
28:54 Town Watch
32:16 Sanctity
36:32 Imperial Age
35:15 Scale Mail Armor
36:17 Chain Mail Armor
36:12 Forging
36:37 Bow Saw
39:06 Conscription
39:09 Pikeman
40:14 Heavy Plow
39:43 Halberdier
41:48 Hand Cart
42:53 Arson
45:15 Plate Mail Armor
44:56 Forging
47:51 Chemistry
46:31 Heavy Scorpion
47:39 Ballistics
50:24 Masonry
50:57 Gambesons
50:33 Man-at-Arms
51:26 Long Swordsman
52:05 Two-Handed Swordsman
53:52 Iron Casting
53:04 Capped Ram
53:52 Champion
54:57 Furor Celtica
55:26 Siege Ram
55:34 Siege Ram
57:23 Coinage
60:04 Blast Furnace
61:40 Fletching
65:50 Siege Engineers
66:45 Bodkin Arrow
73:02 Padded Archer Armor
79:14 Caravan
中國古拳法
10:38 Feudal Age
14:24 Castle Age
12:40 Double-Bit Axe
13:05 Horse Collar
15:44 Bow Saw
19:29 Heavy Plow
23:22 Wheelbarrow
23:53 Stone Mining
23:54 Gold Mining
28:58 Imperial Age
26:59 Hand Cart
27:16 Ballistics
26:23 Man-at-Arms
27:03 Squires
27:07 Gambesons
26:54 Pikeman
27:39 Loom
27:56 Town Watch
27:40 Long Swordsman
28:05 Arson
28:23 Scale Mail Armor
28:33 Forging
28:55 Fletching
29:05 Padded Archer Armor
29:22 Chain Mail Armor
30:01 Conscription
30:05 Wootz Steel
29:14 Two-Handed Swordsman
31:08 Two-Man Saw
31:28 Chemistry
29:51 Elite Skirmisher
30:28 Bodkin Arrow
31:08 Champion
32:33 Plate Mail Armor
32:39 Iron Casting
32:20 Thumb Ring
32:32 Leather Archer Armor
33:07 Bracer
35:08 Fortified Wall
36:33 Blast Furnace
37:34 Masonry
52:12 Halberdier
53:41 Ring Archer Armor
56:19 Caravan
62:47 Guilds
63:08 Coinage
62:39 Elite Elephant Archer
64:15 Banking
63:59 Medical Corps
76:22 Scale Barding Armor
77:35 Husbandry
76:55 Light Cavalry
Zargo
10:11 Feudal Age
13:45 Castle Age
13:34 Double-Bit Axe
16:05 Horse Collar
22:02 Loom
26:10 Wheelbarrow
25:57 Heavy Plow
26:09 Bow Saw
28:16 Fletching
31:07 Imperial Age
29:07 Hand Cart
29:16 Ballistics
29:20 Fortified Wall
29:08 Gold Mining
29:31 Bodkin Arrow
30:12 Padded Archer Armor
32:12 Conscription
31:53 Bracer
31:44 Heavy Cavalry Archer
33:17 Leather Archer Armor
33:19 Husbandry
34:06 Ring Archer Armor
33:50 Bloodlines
35:08 Chemistry
36:03 Silk Armor
37:36 Timurid Siegecraft
39:01 Coinage
40:05 Siege Engineers
41:12 Masonry
40:46 Light Cavalry
41:48 Scale Barding Armor
41:54 Forging
41:39 Hussar
43:17 Chain Barding Armor
43:33 Iron Casting
44:28 Plate Barding Armor
45:38 Blast Furnace
45:09 Murder Holes
58:21 Treadmill Crane
58:56 Caravan
62:08 Guilds
62:33 Banking
67:47 Crop Rotation
67:48 Elite Steppe Lancer
69:40 Guilds
极地沙尘暴
10:59 Feudal Age
11:56 Loom
14:58 Castle Age
13:09 Double-Bit Axe
13:57 Forging
14:23 Horse Collar
35:33 Wheelbarrow
34:44 Town Watch
40:10 Hand Cart
45:04 Imperial Age
42:40 Scale Mail Armor
43:16 Iron Casting
45:00 Stirrups
46:14 Conscription
47:17 Bloodlines
47:07 Husbandry
46:28 Light Cavalry
47:10 Hussar
48:26 Scale Barding Armor
48:36 Chain Mail Armor
49:22 Blast Furnace
48:57 Squires
48:42 Gambesons
48:43 Arson
50:00 Plate Mail Armor
49:51 Chain Barding Armor
52:16 Plate Barding Armor
70:44 Caravan
76:03 Pikeman
77:41 Halberdier
白鹿城拉车车
10:26 Feudal Age
14:21 Castle Age
12:41 Double-Bit Axe
12:54 Horse Collar
17:32 Bow Saw
22:38 Wheelbarrow
24:05 Loom
24:41 Heavy Plow
28:51 Imperial Age
26:57 Gold Mining
26:57 Stone Mining
27:11 Stone Mining
28:17 Forging
28:08 Scale Mail Armor
28:33 Squires
29:11 Iron Casting
29:18 Anarchy
29:52 Chain Mail Armor
30:03 Conscription
31:14 Blast Furnace
30:13 Fletching
31:32 Two-Man Saw
30:23 Elite Huskarl
36:24 Capped Ram
37:49 Bodkin Arrow
37:54 Padded Archer Armor
38:56 Chemistry
38:16 Ballistics
37:45 Town Watch
38:15 Hand Cart
39:00 Coinage
40:52 Bracer
41:05 Perfusion
44:00 Leather Archer Armor
43:41 Elite Skirmisher
44:53 Ring Archer Armor
45:22 Pikeman
46:09 Halberdier
48:11 Crop Rotation
51:31 Light Cavalry
52:21 Bloodlines
52:12 Husbandry
52:19 Scale Barding Armor
53:06 Chain Barding Armor
53:23 Hussar
62:25 Guilds
62:56 Caravan
65:36 Banking
70:43 Onager
76:13 Heavy Scorpion
剃刀割猪头
10:18 Feudal Age
11:52 Loom
14:33 Castle Age
12:38 Horse Collar
13:17 Double-Bit Axe
20:46 Wheelbarrow
21:48 Bow Saw
23:18 Heavy Plow
25:27 Gold Mining
25:27 Stone Mining
30:43 Imperial Age
29:14 Gold Shaft Mining
28:55 Forging
29:29 Hand Cart
30:21 Bloodlines
30:11 Husbandry
30:50 Iron Casting
30:21 Scale Barding Armor
32:42 Blast Furnace
31:05 Elite Mameluke
32:15 Chain Barding Armor
33:13 Conscription
34:43 Plate Barding Armor
33:45 Light Cavalry
34:58 Masonry
35:48 Fletching
35:31 Hussar
39:19 Ballistics
40:00 Chemistry
38:58 Bodkin Arrow
39:04 Padded Archer Armor
39:32 Bracer
40:17 Parthian Tactics
41:07 Leather Archer Armor
40:44 Heavy Cavalry Archer
41:55 Thumb Ring
43:06 Ring Archer Armor
49:59 Guard Tower
50:19 Fortified Wall
57:55 Coinage
58:41 Caravan
59:11 Banking
60:26 Two-Man Saw
62:22 Hoardings
64:16 Siege Engineers
72:35 Squires
72:41 Scale Mail Armor
72:45 Pikeman
74:03 Chain Mail Armor
74:05 Elite Skirmisher
74:41 Arson
76:31 Plate Mail Armor
76:26 Murder Holes
Connection lost

Rejoining the realm…

Still unreachable

The connection could not be restored.

Session expired

The server has moved on; the page needs a fresh start.